 Dungeon Crawl Stone Soup version 0.22.0-6-g71bd7aa6b3 (webtiles) character file.

70 Rerark the Skirmisher (level 4, 0/40 HPs)
             Began as a Draconian Berserker on Aug 15, 2018.
             Was an Initiate of Zin.
             Killed by nerve-wracking pain
             ... invoked by a shadow imp
             ... summoned by Natasha
              (11 damage)
             ... on level 2 of the Dungeon.
             The game lasted 00:03:27 (887 turns).

Rerark the Skirmisher (Draconian Berserker)          Turns: 887, Time: 00:03:27

Health: 0/40       AC:  5    Str: 20    XL:     4   Next: 3%
Magic:  4/4        EV: 13    Int:  7    God:    Zin [......]
Gold:   31         SH:  0    Dex: 11    Spells: 3/3 levels left

rFire    . . .     SeeInvis .   a - +0 hand axe
rCold    . . .     Gourm    .   (no shield)
rNeg     . . .     Faith    .   (armour unavailable)
rPois    .         Spirit   .   (helmet restricted)
rElec    .         Reflect  .   (no cloak)
rCorr    .         Harm     .   (no gloves)
MR       .....                  (no boots)
Stlth    +.........             (no amulet)
HPRegen  0.13/turn              (no ring)
MPRegen  0.09/turn              (no ring)

@: no status effects
A: unfitting armour, cold-blooded, AC +5
a: Donate Gold, Renounce Religion


You were on level 2 of the Dungeon.
You worshipped Zin.
Zin was noncommittal.
You were not hungry.

You visited 1 branch of the dungeon, and saw 2 of its levels.

You collected 34 gold pieces.
You donated 3 gold pieces to Zin.

Inventory:

Hand Weapons
 a - a +0 hand axe (weapon)
Armour
 i - a +0 ring mail
 l - a +0 plate armour
Scrolls
 c - a scroll of enchant weapon {unknown}
 f - a scroll of fear {unknown}
 n - 3 scrolls of identify {unknown}
 o - a scroll of fog {unknown}
Potions
 d - 2 potions of curing {unknown}
 e - a potion of lignification {unknown}
 g - a potion of haste {unknown}
 h - a potion of degeneration {unknown}
 k - a potion of invisibility {unknown}
 m - a potion of agility {unknown}
Comestibles
 b - 3 rations


   Skills:
 + Level 3.9 Fighting
 + Level 3.5 Axes
 + Level 3.6 Dodging
 + Level 0.2 Stealth


You had 3 spell levels left.
You didn't know any spells.
Your spell library was empty.

Dungeon Overview and Level Annotations

Branches:
Dungeon (2/15)

Altars:
Zin

Annotations:
D:2 Natasha


Innate Abilities, Weirdness & Mutations

Your plain brown scales are hard. (AC +5)
You cannot fit into any form of body armour.
You are cold-blooded and may be slowed by cold attacks.


Message History

You closely miss the crimson imp. You barely miss the shadow imp.
The crimson imp hits you but does no damage.
The shadow imp hits you.
The crimson imp hits you but does no damage.
You hit the crimson imp but do no damage.
The crimson imp is moderately wounded.
You hit the crimson imp. You hit the shadow imp.
The crimson imp closely misses you.
The crimson imp blinks!
The crimson imp hits you but does no damage.
The shadow imp hits you.
The crimson imp hits you but does no damage.
The crimson imp hits you. The shadow imp puffs mist at you.
The crimson imp blinks!
Natasha zaps a wand.
The puff of flame hits you!
* * * LOW HITPOINT WARNING * * *
The crimson imp blinks!
The shadow imp gestures at you. Pain shoots through your body!
You die...

#################################
.................................
...........############.#########
#########5........#####.###### #
..............##.............# #
...<.......ยง.h##..#####.####.####
.............55.@.###.<..........
#######.......###.......####.####
#.......#######...# #.####
#...........###...####.#...
#........##.#.#......#.#.#.
#........##.#.#...##.#.#(#.
#........##.#.#...##.#.#.#.
######...##.#<....##.#.#.#.
##..##.##########...#.


You could see Natasha, a crimson imp and 2 shadow imps.

Vanquished Creatures
  Natasha (twice) (D:2)
  A worm (D:2)
  2 dart slugs (D:1)
  3 giant cockroaches
  2 goblins (D:1)
  A hobgoblin (D:1)
  A bat (D:1)
  A frilled lizard (D:2)
  A kobold (D:1)
  3 rats (D:1)
17 creatures vanquished.

Notes
Turn   | Place    | Note
-------+----------+-------------------------------------------
     0 | D:1      | Rerark the Draconian Berserker began the quest for the Orb.
     0 | D:1      | Reached XP level 1. HP: 19/19 MP: 1/1
   137 | D:1      | Reached XP level 2. HP: 26/26 MP: 2/2
   629 | D:2      | Noticed Natasha
   636 | D:2      | Noticed a crimson imp
   636 | D:2      | Killed Natasha
   636 | D:2      | Reached XP level 3. HP: 26/33 MP: 3/3
   721 | D:2      | Noticed Natasha
   732 | D:2      | Killed Natasha
   757 | D:2      | Found a glowing silver altar of Zin.
   757 | D:2      | Noticed an angel
   763 | D:2      | Fell from the grace of Trog
   763 | D:2      | Became a worshipper of Zin the Law-Giver
   831 | D:2      | Reached XP level 4. HP: 35/40 MP: 4/4
   865 | D:2      | Noticed Natasha
   887 | D:2      | Killed from afar by a shadow imp

Skill      XL: |  1 |
---------------+----+-----
Dodging        | 3 |  3.6
Fighting       | |  3.9
Axes           | |  3.5
Stealth        | |  0.2

Action                   |  1- 3 |  4- 6 || total
-------------------------+-------+-------++-------
Melee: Hand axe          |    63 |     9 ||    72
       Tailslap          |     7 |     2 ||     9
 Stab: Sleeping          |     1 |       ||     1
Armor: Skin              |    29 |     8 ||    37
Dodge: Dodged            |    56 |     7 ||    63
